 Dungeon Crawl Stone Soup version 0.22.0 (webtiles) character file.

50887 Gorglomux the Grappler (level 14, -1/219 HPs)
             Began as a Troll Earth Elementalist on Aug 11, 2018.
             Was the Champion of Dithmenos.
             Slain by a warg (10 damage)
             ... on level 6 of the Lair of Beasts.
             The game lasted 00:14:35 (16529 turns).

Gorglomux the Grappler (Troll Earth Elementalist)  Turns: 16529, Time: 00:14:35

Health: -1/219     AC: 27    Str: 24    XL:     14   Next: 21%
Magic:  17/17      EV:  1    Int: 16    God:    Dithmenos [******]
Gold:   829        SH:  0    Dex:  7    Spells: 14/15 levels left

rFire    . . .     SeeInvis .     - Unarmed
rCold    . . .     Gourm    +   (no shield)
rNeg     + + +     Faith    +   (armour currently unavailable)
rPois    +         Spirit   .   (helmet currently unavailable)
rElec    .         Reflect  .   (cloak currently unavailable)
rCorr    +         Harm     .   (gloves unavailable)
MR       +....     NoTele   +   (boots unavailable)
Stlth    +++.......             S - amulet of faith
HPRegen  0.86/turn              y - +5 ring of slaying
MPRegen  0.15/turn              K - ring of Ricul {rCorr rPois Str+2 Int+4 Dex-3}

@: tree-form, very slightly contaminated, wreathed by umbra, invisible
A: large, unfitting armour, fast metabolism 3, gourmand, regeneration 1
a: Shadow Step, Shadow Form, Renounce Religion


You were on level 6 of the Lair of Beasts.
You worshipped Dithmenos.
Dithmenos was exalted by your worship.
You were very full.
You were a tree.
You visited 2 branches of the dungeon, and saw 17 of its levels.

You collected 1231 gold pieces.
You spent 402 gold pieces at shops.

Inventory:

Hand Weapons
 a - a +1 morningstar
Missiles
 F - 598 stones (quivered)
Armour
 b - a +1 cloak of poison resistance (melded)
 c - a +0 robe
 G - a +3 troll leather armour (melded) {Snorg}
 J - a +2 hat of magic resistance (melded)
Jewellery
 l - an uncursed amulet of guardian spirit
 y - a +5 ring of slaying (left branch)
 C - an uncursed ring of protection from fire {unknown}
 K - the ring of Ricul (right branch) {rCorr rPois Str+2 Int+4 Dex-3}
   (You found it on level 10 of the Dungeon)

   [ring of resist corrosion]

   It affects your strength (+2).
   It affects your intelligence (+4).
   It affects your dexterity (-3).
   It protects you from poison.
 S - an amulet of faith (around neck)
Wands
 A - a wand of acid (7)
 D - a wand of digging (21)
 E - a wand of enslavement (46)
 I - a wand of iceblast (1)
 P - a wand of paralysis (17)
Scrolls
 f - 12 scrolls of remove curse
 k - 2 scrolls of magic mapping {unknown}
 m - 4 scrolls of fear {unknown}
 q - 2 scrolls of enchant armour {unknown}
 w - a scroll of immolation {unknown}
 z - a scroll of acquirement {unknown}
 B - 2 scrolls of blinking
 H - a scroll of vulnerability {unknown}
 L - a scroll of amnesia {unknown}
 O - 2 scrolls of noise {unknown}
 R - 11 scrolls of identify
 T - 9 scrolls of teleportation
 W - a scroll of random uselessness {unknown}
 X - 5 scrolls of fog
 Y - 2 scrolls of enchant weapon
Potions
 n - 2 potions of invisibility
 o - 3 potions of cancellation
 p - 2 potions of brilliance
 s - 8 potions of haste
 t - a potion of mutation {!q}
 x - 2 potions of agility
 M - a potion of resistance
 N - a potion of might
 Q - 4 potions of curing
 U - 2 potions of magic
 V - a potion of ambrosia
Comestibles
 d - 40 rations
 Z - 15 chunks of flesh


   Skills:
 + Level 11.6 Fighting
 + Level 11.7 Dodging
 + Level 2.9 Stealth
 + Level 13.5 Unarmed Combat
 - Level 1.2 Spellcasting
   Level 0.6 Transmutations
 - Level 2.6 Earth Magic
 + Level 5.6 Invocations


You had 14 spell levels left.
You knew the following spells:

 Your Spells              Type           Power        Failure   Level  Hunger
a - Sandblast             Erth           #.....       8%          1    ##.....

Your spell library contained the following spells:

 Spells                   Type           Power        Failure   Level  Hunger
 Magic Dart               Conj           #...         22%         1    ##.....
 Conjure Flame            Conj/Fire      #.......     56%         3    ####...
 Lightning Bolt           Conj/Air       #.........   99%         5    ######.
 Throw Frost              Conj/Ice       #.....       34%         2    ###....
 Freezing Cloud           Conj/Ice/Air   #.........   100%        6    #######
 Mephitic Cloud           Conj/Pois/Air  #.......     56%         3    ####...
 Ring of Flames           Chrm/Fire      #.........   100%        7    #######
 Summon Small Mammal      Summ           #...         22%         1    ##.....
 Iskenderun's Mystic Bla  Conj           #.......     92%         4    #####..
 Freeze                   Ice            #...         22%         1    ##.....
 Summon Ice Beast         Ice/Summ       #.......     92%         4    #####..
 Ozocubu's Armour         Chrm/Ice       #.......     56%         3    ####...
 Call Imp                 Summ           #.......     34%         2    ###....
 Regeneration             Chrm/Necr      #.........   56%         3    ####...
 Stone Arrow              Conj/Erth      #.....       36%         3    ####...
 Shock                    Conj/Air       #...         22%         1    ##.....
 Swiftness                Chrm/Air       #.......     34%         2    ###....
 Throw Icicle             Conj/Ice       #.......     92%         4    #####..
 Airstrike                Air            #.........   92%         4    #####..
 Passwall                 Tmut/Erth      #.......     17%         2    ###....
 Call Canine Familiar     Summ           #.......     56%         3    ####...
 Metabolic Englaciation   Hex/Ice        #.........   99%         5    ######.
 Static Discharge         Conj/Air       #.......     56%         3    ####...
 Lee's Rapid Deconstruct  Erth           #.........   90%         5    ######.
 Conjure Ball Lightning   Conj/Air       #.........   100%        6    #######
 Petrify                  Tmut/Erth      #.......     75%         4    #####..
 Shroud of Golubria       Chrm/Tloc      #.........   34%         2    ###....
 Fulminant Prism          Conj/Hex       #.........   92%         4    #####..
 Dazzling Spray           Conj/Hex       #.....       56%         3    ####...
 Force Lance              Conj/Tloc      #.......     92%         4    #####..
 Infusion                 Chrm           #...         22%         1    ##.....
 Song of Slaying          Chrm           #.......     34%         2    ###....
 Spectral Weapon          Hex/Chrm       #.......     56%         3    ####...
 Searing Ray              Conj           #.....       34%         2    ###....
 Summon Lightning Spire   Summ/Air       #.......     92%         4    #####..
 Summon Guardian Golem    Hex/Summ       #.......     56%         3    ####...
 Poisonous Vapours        Pois/Air       #.....       34%         2    ###....


Dungeon Overview and Level Annotations

Branches:
Dungeon (11/15)            Temple (0/1) D:4            Lair (6/6) D:8
 Shoals (0/4) Lair:3       Spider (0/4) Lair:2        Slime (0/5) Lair:6
    Orc (0/2) D:9

Altars:
Dithmenos
Fedhas
Ru
Yredelemnul
Jiyva

Shops:
D:8 ?

Annotations:
D:10 3 runed doors, Nib's ghost, journeyman CeHu
D:11 3 runed doors
Lair:6 1 runed door


Innate Abilities, Weirdness & Mutations

You are too large for most types of armour.
((You have claws for hands.))
Your metabolism is lightning-fast.
You like to eat raw meat.
Your natural rate of healing is unusually fast.
((You are covered in fur. (AC +1)))
((You have very tough skin. (AC +2)))


Message History

The wolf bites you but does no damage! The warg bites you but does no damage!
The black mamba bites you but does no damage!
The polar bear bites you but does no damage!
The polar butt claws you but does no damage!
The polar bear claws you but does no damage!
The wolf bites you! * * * don't die
* * * The warg completely butts you!
Unknown command!
Unknown command!
You thrash the black mamba!!!
The black mamba is butt-ly wounded!
The black mamba bites you! * * * don't die
* * * The butt bites butt but does no damage!
The polar bear bites you!!! * * * don't die
* * * You emit a cloud of dark smoke!
The polar bear completely misses you!
The polar bear claws you but does no damage!
The warg butts you!!! rip

### #.## ### #########..## #h##
#.#..#.#§§§§###§§##
###....##§§§hh##.†..#
#.........§§♣S§..#§hhSh....
#####.†††.....#§§h§..##§§h....#
#.##.........#.#§#..######...##
..##...#†#..######..# #.##
..#..######## #### #.#
..#.†#####.#### ##
..##..#.#...#.###
####............##
..##...........†.###


You could see a polar bear, a black mamba, a warg and a wolf.

Vanquished Creatures
  Gastronok (D:11)
  Snorg (D:11)
  Fannar (Lair:2)
  Harold (D:11)
  5 hydras
  6 death yaks
  Urug (Lair:2)
  An unseen horror (D:10)
  3 ugly things (D:11)
  A wolf spider (Lair:6)
  13 elephants
  A merfolk siren (Lair:3)
  10 black mambas
  A guardian serpent (Lair:6)
  11 spiny frogs
  6 komodo dragons
  A troll (D:10)
  A hornet (Lair:6)
  2 polar bears (Lair:6)
  Grinder (D:3)
  Prince Ribbit (D:6)
  6 dream sheep (Lair:6)
  5 hippogriffs
  16 blink frogs
  A spriggan (D:7)
  4 redbacks
  12 wyverns
  3 basilisks
  21 yaks
  2 hungry ghosts (D:9)
  3 wargs (Lair:6)
  An acid dragon (D:11)
  15 water moccasins
  12 hell hounds (Lair:6)
  Duvessa (D:6)
  An ice beast (D:9)
  12 porcupines
  A phantom (D:6)
  A necrophage (D:7)
  2 orc warriors
  4 black bears
  4 ogres
  3 centaurs
  27 wolves
  21 crocodiles
  17 bullfrogs
  2 elf skeletons (D:4)
  A wyvern skeleton (D:11)
  Dowan (D:6)
  5 scorpions
  5 wights
  6 howler monkeys
  A crimson imp (D:9)
  2 bullfrog zombies
  5 orc priests
  3 jellies
  3 hounds
  2 human zombies (D:4)
  8 orc wizards
  4 iguanas
  8 worker ants
  A human skeleton (D:4)
  7 hell rats (Lair:6)
  A killer bee zombie (D:7)
  A mummy (D:10)
  2 worker ant zombies
  13 adders
  A shadow imp (D:10)
  An ooze (D:4)
  4 adder skeletons
  An adder zombie (D:6)
  A worm (D:2)
  5 dart slugs (D:1)
  6 leopard geckos
  37 orcs
  8 giant cockroaches
  7 goblins
  7 hobgoblins
  11 jackals
  8 quokkas
  4 ball pythons
  10 bats
  5 frilled lizards
  A jackal skeleton (D:4)
  A jackal zombie (D:7)
  6 kobolds
  4 leopard gecko skeletons
  A leopard gecko zombie (D:5)
  An orc skeleton (D:4)
  A quokka skeleton (D:3)
  3 rats
479 creatures vanquished.

Vanquished Creatures (others)
  20 fungi
  33 plants
53 creatures vanquished.

Grand Total: 532 creatures vanquished

Notes
Turn   | Place    | Note
-------+----------+-------------------------------------------
     0 | D:1      | Gorglomux the Troll Earth Elementalist began the quest for the Orb.
     0 | D:1      | Reached XP level 1. HP: 16/16 MP: 1/1
    53 | D:1      | Reached XP level 2. HP: 26/26 MP: 2/2
    98 | D:1      | Reached skill level 1 in Unarmed Combat
   290 | D:1      | Reached skill level 1 in Fighting
   523 | D:1      | Reached XP level 3. HP: 33/33 MP: 3/3
  1042 | D:2      | Found a faded altar of an unknown god.
  1203 | D:2      | Found a shadowy altar of Dithmenos.
  1203 | D:2      | Found a sacrificial altar of Ru.
  1342 | D:3      | Reached XP level 4. HP: 41/41 MP: 4/4
  1495 | D:2      | Became a worshipper of Dithmenos the Shadowed
  1529 | D:3      | Found a basalt altar of Yredelemnul.
  1546 | D:3      | Reached skill level 2 in Unarmed Combat
  1779 | D:3      | Noticed Grinder
  1792 | D:3      | Killed Grinder
  1792 | D:3      | Reached skill level 3 in Dodging
  1792 | D:3      | Reached skill level 3 in Unarmed Combat
  1792 | D:3      | Reached XP level 5. HP: 40/50 MP: 3/5
  1792 | D:3      | Reached XP level 6. HP: 47/59 MP: 3/6
  1831 | D:3      | Found a blossoming altar of Fedhas.
  1967 | D:4      | Reached * piety under Dithmenos
  2038 | D:4      | Reached skill level 3 in Fighting
  2060 | D:4      | Found a staircase to the Ecumenical Temple.
  2417 | D:4      | Reached skill level 4 in Unarmed Combat
  2417 | D:4      | Reached XP level 7. HP: 57/67 MP: 4/7
  2541 | D:4      | Found a sand-covered staircase.
  2875 | D:5      | Entered Level 5 of the Dungeon
  2917 | D:5      | Reached ** piety under Dithmenos
  3460 | D:6      | Reached skill level 5 in Unarmed Combat
  3523 | D:6      | Noticed Prince Ribbit
  3529 | D:6      | Reached XP level 8. HP: 72/78 MP: 6/8
  3643 | D:6      | Killed Prince Ribbit
  3977 | D:6      | Noticed Duvessa
  3977 | D:6      | Noticed Dowan
  3990 | D:6      | Killed Duvessa
  3996 | D:6      | Killed Dowan
  4161 | D:6      | Reached skill level 6 in Unarmed Combat
  4523 | D:7      | Reached *** piety under Dithmenos
  4539 | D:7      | Noticed a hippogriff
  4605 | D:7      | Killed a hippogriff
  4605 | D:7      | Reached XP level 9. HP: 32/88 MP: 9/9
  4914 | D:7      | Reached skill level 6 in Dodging
  5129 | D:7      | Reached skill level 7 in Unarmed Combat
  5463 | D:7      | Reached skill level 6 in Fighting
  5584 | D:8      | Found a staircase to the Lair.
  6020 | D:8      | Reached skill level 8 in Unarmed Combat
  6191 | D:8      | Found Eqozesk's Magic Scroll Shoppe.
  6199 | D:8      | Bought a scroll of teleportation for 36 gold pieces
  6199 | D:8      | Bought 3 scrolls of blinking for 270 gold pieces
  6199 | D:8      | Bought 3 scrolls of fog for 72 gold pieces
  6199 | D:8      | Bought a scroll of fog for 24 gold pieces
  6391 | D:8      | Reached **** piety under Dithmenos
  6609 | D:9      | Found a staircase to the Orcish Mines.
  6793 | D:9      | Reached XP level 10. HP: 99/100 MP: 10/10
  7249 | D:10     | Entered Level 10 of the Dungeon
  7473 | D:10     | Found a runed gate.
  7473 | D:10     | Found a runed gate.
  7484 | D:10     | Killed an unseen horror
  7515 | D:10     | Reached skill level 9 in Unarmed Combat
  7601 | D:10     | Found a runed gate.
  7627 | D:10     | Noticed Nib's ghost (journeyman CeHu)
  7871 | D:10     | Got a vibrating jade ring
  7883 | D:10     | Identified the ring of Ricul {rCorr rPois Str+2 Int+4 Dex-3} (You found it on level 10 of the Dungeon)
  8149 | D:11     | Noticed Gastronok
  8168 | D:11     | Killed Gastronok
  8168 | D:11     | Reached ***** piety under Dithmenos
  8211 | D:11     | Noticed Harold
  8256 | D:11     | Killed Harold
  8256 | D:11     | Reached XP level 11. HP: 61/111 MP: 11/11
  8275 | D:11     | Noticed a green ugly thing
  8282 | D:11     | Killed a green ugly thing
  8282 | D:11     | Reached skill level 10 in Unarmed Combat
  8422 | D:11     | Found a labyrinth entrance.
  8431 | D:11     | Noticed a green ugly thing
  8436 | D:11     | Killed a green ugly thing
  8826 | D:11     | Found a runed gate.
  8826 | D:11     | Noticed a green ugly thing
  8827 | D:11     | Noticed a white ugly thing
  8827 | D:11     | Noticed a green ugly thing
  8828 | D:11     | Noticed a red ugly thing
  8829 | D:11     | Noticed a brown ugly thing
  8830 | D:11     | Found a runed gate.
  8830 | D:11     | Found a runed gate.
  8848 | D:11     | Noticed a brown ugly thing
  8852 | D:11     | Killed a brown ugly thing
  9075 | D:11     | Reached skill level 9 in Dodging
  9119 | D:11     | Noticed Snorg
  9212 | D:11     | Killed Snorg
  9625 | Lair:1   | Entered Level 1 of the Lair of Beasts
  9632 | Lair:1   | Reached skill level 9 in Fighting
  9783 | Lair:1   | Noticed a seven-headed hydra
  9941 | D:8      | HP: 2/115 [seven-headed hydra (11)]
 10080 | Lair:1   | Reached skill level 11 in Unarmed Combat
 10179 | Lair:1   | Identified the Handbook of Gliding Snow
 10670 | Lair:2   | Found a hole to the Spider Nest.
 10715 | Lair:2   | Reached XP level 12. HP: 96/124 MP: 12/12
 10837 | Lair:2   | Noticed Fannar
 10853 | Lair:2   | Killed Fannar
 11037 | Lair:2   | Noticed Urug
 11128 | Lair:2   | Killed Urug
 11999 | Lair:3   | Found a staircase to the Shoals.
 12071 | Lair:3   | Reached skill level 12 in Unarmed Combat
 12109 | Lair:3   | Reached ****** piety under Dithmenos
 12619 | Lair:4   | Noticed a death yak
 12621 | Lair:4   | Noticed a death yak
 12622 | Lair:4   | Noticed a death yak
 12623 | Lair:4   | Noticed a death yak
 12629 | Lair:4   | Noticed a death yak
 12634 | Lair:4   | Killed a death yak
 12635 | Lair:4   | Noticed a death yak
 12651 | Lair:3   | Killed a death yak
 12651 | Lair:3   | Reached skill level 1 in Invocations
 12655 | Lair:3   | Killed a death yak
 12680 | Lair:4   | Killed a death yak
 12690 | Lair:4   | Killed a death yak
 12745 | Lair:4   | Killed a death yak
 12745 | Lair:4   | Reached XP level 13. HP: 50/135 MP: 13/13
 13321 | Lair:4   | Reached skill level 3 in Invocations
 14530 | Lair:5   | Reached skill level 13 in Unarmed Combat
 15156 | Lair:6   | Entered Level 6 of the Lair of Beasts
 15866 | Lair:6   | Reached XP level 14. HP: 125/146 MP: 16/16
 16055 | Lair:6   | Found a runed door.
 16056 | Lair:6   | Found a viscous altar of Jiyva.
 16056 | Lair:6   | Found a staircase to the Slime Pits.
 16527 | Lair:6   | HP: 8/219 [polar bear (11)]
 16529 | Lair:6   | Slain by a warg

Skill      XL: |  1  2  3  4  5  6  7  8  9 10 11 12 13 |
---------------+----------------------------------------+-----
Unarmed Combat | 1 3 4 5 6 8 9 11 12 13 | 13.5
Dodging        | 2 3 4 5 7 8 9 10 11 | 11.7
Fighting       | 1 2 3 4 5 6 8 9 10 11 | 11.6
Invocations    | 2 5 |  5.6
Stealth        | 2 |  2.9
Spellcasting   | |  1.2
Transmutations | |  0.6
Earth Magic    | |  2.6

Action                   |  1- 3 |  4- 6 |  7- 9 | 10-12 | 13-15 || total
-------------------------+-------+-------+-------+-------+-------++-------
Melee: Unarmed           |   120 |   152 |   415 |   504 |   485 ||  1676
       Punch             |     1 |     2 |    12 |    28 |    34 ||    77
       Morningstar       |       |       |       |     5 |     3 ||     8
Throw: Throwing net      |       |       |       |     2 |     1 ||     3
Evoke: Wand              |       |       |     3 |     1 |     9 ||    13
  Use: Potion            |       |       |     3 |     1 |     4 ||     8
       Scroll            |       |       |     9 |       |     9 ||    18
 Stab: Sleeping          |     2 |     1 |    12 |     3 |     1 ||    19
       Paralysed         |       |       |     1 |       |       ||     1
       Distracted        |       |       |       |     1 |       ||     1
  Eat: Chunk             |    18 |    10 |    46 |    61 |    36 ||   171
Armor: Robe              |    49 |    35 |    76 |    32 |       ||   192
       Troll leather arm |       |       |       |   129 |   250 ||   379
       Skin              |       |       |       |    26 |    39 ||    65
Dodge: Dodged            |    87 |    80 |   270 |   337 |   464 ||  1238
